 Dungeon Crawl Stone Soup version 0.23.2-1-ga50397a (webtiles) character file.

Game seed: 6912972016421158534

39 IBeShadow the Insei (level 3, 0/24 HPs)
             Began as an Octopode Transmuter on May 23, 2019.
             Slain by an orc priest
             ... wielding a +0 short sword
              (4 damage)
             ... on level 2 of the Dungeon.
             The game lasted 00:01:06 (1656 turns).

IBeShadow the Insei (Octopode Transmuter)           Turns: 1656, Time: 00:01:08

Health: 0/24       AC:  1    Str:  9    XL:     3   Next: 45%
Magic:  6/6        EV: 12    Int: 16    God:
Gold:   17         SH:  0    Dex: 12    Spells: 3/6 levels left

rFire    . . .     SeeInvis .     - Unarmed
rCold    . . .     Gourm    .   (no shield)
rNeg     . . .     Faith    .   (helmet restricted)
rPois    .         Spirit   .   (no amulet)
rElec    .         Reflect  .   (no ring)
rCorr    .         Harm     .   (no ring)
MR       .....                  (no ring)
Stlth    ++........             (no ring)
HPRegen  0.08/turn              (no ring)
MPRegen  0.10/turn              (no ring)
                                (no ring)
                                (no ring)

@: flying, heavily drained
A: almost no armour, stealthy swim, amphibious, 8 rings, constrict 8, camouflage
1, gelatinous body 1
a: no special abilities


You were on level 2 of the Dungeon.
You were not hungry.

You visited 1 branch of the dungeon, and saw 2 of its levels.

You collected 17 gold pieces.

Inventory:

Missiles
 a - 32 arrows
Jewellery
 e - an uncursed amulet of harm
Scrolls
 d - a scroll of immolation {unknown}
Potions
 b - a potion of flight
Comestibles
 c - a ration


   Skills:
 + Level 1.7(0.4) Fighting
 - Level 2.0(0.6) Dodging
 * Level 3.7(2.3) Unarmed Combat
 - Level 2.0(0.6) Spellcasting
 + Level 2.5(1.1) Transmutations


You had 3 spell levels left.
You knew the following spells:

 Your Spells              Type           Power        Failure   Level  Hunger
a - Beastly Appendage     Tmut           #.....       16%         1    ##.....
b - Sticks to Snakes      Tmut           #.......     22%         2    ###....

Your spell library contained the following spells:

 Spells                   Type           Power        Failure   Level  Hunger
 Spider Form              Tmut/Pois      #.........   50%         3    ####...
 Ice Form                 Ice/Tmut       #.......     88%         4    #####..
 Blade Hands              Tmut           #.........   99%         5    ######.


Dungeon Overview and Level Annotations

Branches:
Dungeon (2/15)

Altars:


Innate Abilities, Weirdness & Mutations

You cannot wear most types of armour.
You are very stealthy in the water. (Stealth+)
You are amphibious.
You can wear up to eight rings at the same time.
You can use your tentacles to constrict eight enemies at once.
Your skin changes colour to match your surroundings (Stealth+).
Your rubbery body absorbs attacks. (AC +1, EV +1)


Message History

The orc priest closely misses you.
The orc wizard casts a spell.
The orc wizard seems to speed up.
The orc wizard casts a spell.
The orc wizard seems to speed up.
An adder comes into view.
The orc priest mumbles some strange prayers to Beogh against you.
Pain shoots through your body!
* * * LOW HITPOINT WARNING * * *
You are too injured to fight recklessly!
There are monsters nearby!
There are monsters nearby!
Okay, then.
It was a potion of flight.
You feel very buoyant.
You fly up into the air.
The orc wizard mumbles some strange words.
The orc wizard blinks!
The orc priest barely misses you.
The orc priest hits you with a +0 short sword.
You die...

####.# #.# #.#
#.# #.# #.#
#.#####.#
#.......# #
####.#### #o###
#.#
##....########.#
#....o@....†...#
#....oo##########
#.....o #......
.S..... #......
###.... #####


You could see 2 orc priests, 3 orc wizards and an adder.

Vanquished Creatures
  An adder (D:2)
  An ooze (D:1)
  A dart slug (D:1)
  A bat (D:1)
  2 giant cockroaches (D:1)
  4 goblins (D:1)
  2 hobgoblins (D:1)
  A jackal (D:1)
  4 kobolds
  3 frilled lizards (D:1)
  3 rats (D:1)
23 creatures vanquished.

Notes
Turn   | Place    | Note
-------+----------+-------------------------------------------
     0 | D:1      | IBeShadow the Octopode Transmuter began the quest for the
                  | Orb.
     0 | D:1      | Reached XP level 1. HP: 13/13 MP: 3/3
   318 | D:1      | Reached XP level 2. HP: 18/18 MP: 5/5
   329 | D:1      | Learned a level 2 spell: Sticks to Snakes
  1010 | D:1      | Reached XP level 3. HP: 6/23 MP: 6/6
  1656 | D:2      | Slain by an orc priest

Action                   || total
-------------------------++-------
Melee: Unarmed           ||    64
       Constrict         ||    15
       Tentacles         ||    13
       Punch             ||     1
  Use: Potion            ||     1
 Stab: Sleeping          ||    10
  Eat: Ration            ||     1
Armor: Skin              ||     5
Dodge: Dodged            ||    28
